 Dungeon Crawl Stone Soup version 0.27.0-1-g7a089689b8 (webtiles) character file.

Game seed: 1619415701924135559

2003 pkoi the Slasher (level 9, -2/78 HPs)
             Began as a Minotaur Fighter on Aug 3, 2021.
             Was a Priest of Zin.
             Slain by Maggie (10 damage)
             ... on level 6 of the Dungeon.
             The game lasted 00:07:02 (6291 turns).

pkoi the Slasher (Minotaur Fighter)                 Turns: 6291, Time: 00:07:02

Health: -2/78      AC: 11    Str: 24    XL:     9   Next: 2%
Magic:  11/11      EV: 10    Int:  5    God:    Zin [***...]
Gold:   191        SH:  0    Dex: 10    Spells: 8/8 levels left

rFire    . . .     SeeInvis .   q - +0 great sword
rCold    . . .     Faith    .   (shield currently unavailable)
rNeg     . . .     Spirit   .   b - +0 scale mail
rPois    .         Reflect  .   (helmet restricted)
rElec    .         Harm     .   (no cloak)
rCorr    .         Rampage  .   k - +1 pair of gloves
Will     .....                  f - +0 pair of boots
Stlth    ..........             (no amulet)
HPRegen  0.23/turn              (no ring)
MPRegen  0.12/turn              (no ring)

@: mesmerised
A: horns 2, retaliatory headbutt
a: Renounce Religion, Recite, Vitalisation, Imprison, Donate Gold


You were on level 6 of the Dungeon.
You worshipped Zin.
Zin was most pleased with you.
You visited 1 branch of the dungeon, and saw 6 of its levels.

You collected 212 gold pieces.
You donated 21 gold pieces to Zin.

Inventory:

Hand Weapons
 a - a +1 long sword of protection
 l - a +2 scimitar of holy wrath
 q - a +0 great sword (weapon)
Missiles
 g - 10 boomerangs (quivered)
 j - 5 javelins
Armour
 b - a +0 scale mail (worn)
 c - a +1 kite shield
 f - a +0 pair of boots (worn)
 k - a +1 pair of gloves (worn)
Wands
 m - a wand of flame (7)
 o - a wand of paralysis (10)
 r - a wand of iceblast (13)
Scrolls
 e - 2 scrolls of identify
 i - a scroll of fear
 n - a scroll of blinking {unknown}
 p - a scroll of acquirement {unknown}
Potions
 d - a potion of might
 h - 2 potions of curing


   Skills:
 + Level 6.7 Fighting
 * Level 7.2 Long Blades
 + Level 4.4 Throwing
 + Level 6.8 Armour
 - Level 5.9 Shields
 + Level 4.6 Invocations


You had 8 spell levels left.
You didn't know any spells.
Your spell library contained the following spells:

 Spells                   Type           Power      Damage    Failure   Level
 Passwall                 Tmut/Erth      0%         N/A       87%         2
 Swiftness                Air            0%         N/A       98%         3
 Invisibility             Hex            0%         N/A       100%        6


Dungeon Overview and Level Annotations

Branches:
Dungeon (6/15)
 Temple: D:4-7

Altars:
Fedhas
Gozag
Kikubaaqudgha
Nemelex Xobeh
Okawaru
Zin

Shops:
D:3 *   D:4 *

Annotations:
D:3 3 runed translucent doors, bande's ghost, amateur GrFi
D:6 Maggie


Innate Abilities, Weirdness & Mutations

You have a pair of horns on your head.
You reflexively headbutt those who attack you in melee.


Message History

Maggie hits you with a +1 halberd of flaming.
Maggie burns you.
You slash Maggie!
Maggie is severely wounded.
Maggie smiles, but it's obviously fake.
Maggie hits you with a +1 halberd of flaming.
Maggie burns you.
You closely miss Maggie. Your headbutt misses Maggie.
Maggie is severely wounded.
Maggie gestures at you while chanting. The bolt of fire hits you!
Maggie casts a spell.
Maggie attempts to bespell you! You resist with some effort.
You barely miss Maggie.
Maggie is severely wounded.
Maggie hits you with a +1 halberd of flaming!
Maggie burns you.
You hit Maggie. You headbutt Maggie.
Maggie is almost dead.
Maggie hits you with a +1 halberd of flaming.
Maggie burns you.
You hit Maggie.
Maggie is almost dead.
Maggie hits you with a +1 halberd of flaming!
* * * LOW HITPOINT WARNING * * *
Maggie burns you.
* * * LOW HITPOINT WARNING * * *
Maggie hits you with a +1 halberd of flaming!
* * * LOW HITPOINT WARNING * * *
Maggie burns you.
* * * LOW HITPOINT WARNING * * *
You barely miss Maggie.
Maggie is almost dead.
Maggie mumbles some strange words.
Maggie attempts to bespell you!
You are mesmerised by Maggie!
You hit Maggie.
Maggie is almost dead.
Maggie hits you with a +1 halberd of flaming!
You die...

####.# ######
#.....# ......
.##......###
#####...##........#
######..##........#
#.................#
#...............@.#
................@.#
#.................#
#.................#
#....)............#
#..()().....####.##
...........## #.#
###.##.)##.# #.# #
#..#.....## #.#
.....#..#...# #.#


You could see Maggie (mesmerising).

Vanquished Creatures
  Sigmund (D:5)
  3 ogres
  A phantom (D:6)
  2 kobold brigands
  Blork the orc (D:4)
  2 water moccasin zombies (D:6)
  A water moccasin skeleton (D:6)
  A wyvern skeleton (D:6)
  4 wights
  4 centaur zombies (D:6)
  2 jellies (D:6)
  A bullfrog zombie (D:6)
  2 bullfrog skeletons
  3 centaur skeletons (D:6)
  An orc priest (D:5)
  2 hounds (D:5)
  4 iguanas
  5 orc wizards
  Ijyb (D:3)
  2 howler monkey zombies
  7 adders
  A shadow imp (D:6)
  A white imp (D:6)
  2 ufetubi
  2 worms
  3 dart slugs
  23 orcs
  6 ball pythons
  8 endoplasms
  2 giant cockroaches (D:2)
  6 hobgoblins
  13 jackals
  9 kobolds
  4 quokkas
  A bat (D:3)
  4 frilled lizards
  4 goblins
  A quokka skeleton (D:4)
  7 rats
147 creatures vanquished.

Vanquished Creatures (others)
  5 withered plants (D:6)
5 creatures vanquished.

Grand Total: 152 creatures vanquished

Notes
Turn   | Place    | Note
-------+----------+-------------------------------------------
     0 | D:1      | pkoi the Minotaur Fighter began the quest for the Orb.
     0 | D:1      | Reached XP level 1. HP: 19/19 MP: 0/0
    59 | D:1      | Found a faded altar of an unknown god.
    79 | D:1      | Became a worshipper of Zin the Law-Giver
    79 | D:1      | Reached * piety under Zin
   270 | D:1      | Reached XP level 2. HP: 19/27 MP: 1/1
   831 | D:2      | Reached skill level 3 in Long Blades
   831 | D:2      | Reached XP level 3. HP: 33/33 MP: 2/2
   842 | D:2      | Reached ** piety under Zin
   907 | D:2      | Reached skill level 1 in Invocations
  1119 | D:2      | Reached skill level 1 in Throwing
  1249 | D:2      | Reached XP level 4. HP: 33/40 MP: 3/3
  1369 | D:3      | Noticed bande's ghost (amateur GrFi)
  1429 | D:3      | Found a runed translucent gate.
  1429 | D:3      | Found a runed translucent gate.
  1558 | D:3      | Found Jeerixil's Assorted Antiques.
  1610 | D:3      | Found a runed translucent gate.
  1705 | D:3      | Found an iron altar of Okawaru.
  1730 | D:3      | Noticed an ogre
  1741 | D:3      | Killed an ogre
  1742 | D:3      | Reached XP level 5. HP: 29/47 MP: 5/5
  1934 | D:3      | Found an opulent altar of Gozag.
  2351 | D:3      | Found a sparkling altar of Nemelex Xobeh.
  2352 | D:3      | Noticed Ijyb
  2372 | D:3      | Killed Ijyb
  2602 | D:4      | Reached XP level 6. HP: 53/53 MP: 6/6
  2626 | D:4      | Reached *** piety under Zin
  2754 | D:4      | Noticed Blork the orc
  2765 | D:4      | Reached skill level 4 in Long Blades
  3089 | D:4      | Killed Blork the orc
  3097 | D:4      | Reached skill level 5 in Armour
  3097 | D:4      | Reached skill level 5 in Shields
  3618 | D:4      | Found Cyexen's General Store.
  3627 | D:4      | Reached skill level 5 in Fighting
  3627 | D:4      | Reached XP level 7. HP: 53/61 MP: 6/8
  3737 | D:5      | Entered Level 5 of the Dungeon
  3974 | D:5      | Noticed Sigmund
  4044 | D:5      | Found an ancient bone altar of Kikubaaqudgha.
  4522 | D:5      | Reached skill level 5 in Long Blades
  4957 | D:6      | Reached XP level 8. HP: 69/70 MP: 9/9
  5574 | D:6      | Reached skill level 6 in Long Blades
  5662 | D:6      | Found a blossoming altar of Fedhas.
  6107 | D:5      | Killed Sigmund
  6108 | D:5      | Reached skill level 7 in Long Blades
  6257 | D:6      | Reached XP level 9. HP: 78/78 MP: 11/11
  6277 | D:6      | Noticed Maggie
  6291 | D:6      | Slain by Maggie

Illustrated notes

Levels and vault maps discovered:
D:1:      shiori_arrival_maze, layout_basic, hellmonk_ecumenical_altar_lost_god
D:2:      layout_basic, kennysheep_generic_room_14
D:3:      layout_loops_ring, okawaru_ov_weapons_minmay,
          mainiacjoe_overflow_surrounded_room, serial_shops,
          nicolae_shop_behind_doors, gammafunk_ghost_icy, amethyst_killhole,
          kennysheep_flooded_box, uniq_ijyb
D:4:      layout_loops_ring, serial_shops, shop_fountains, columned_hall_lemuel,
          minmay_diced_spiral, uniq_blork_the_orc
D:5:      layout_basic, nicolae_kikubaaqudgha_miasma_corner, uniq_sigmund
D:6:      layout_rooms, mainiacjoe_overflow_six_doors_small,
          nicolae_dithmenos_through_a_glass_darkly, serial_undead,
          serial_undead_b, serial_undead_c, serial_undead_d, serial_undead_f,
          serial_undead_e, serial_undead_c, uniq_maggie

Skill      XL: |  1  2  3  4  5  6  7  8 |
---------------+-------------------------+-----
Armour         | 4 5 6 |  6.8
Fighting       | 4 5 6 |  6.7
Long Blades    | 3 4 5 7 |  7.2
Shields        | 4 5 |  5.9
Invocations    | 1 2 3 4 |  4.6
Throwing       | 1 2 3 4 |  4.4

Action                   |  1- 3 |  4- 6 |  7- 9 || total
-------------------------+-------+-------+-------++-------
Melee: Long sword        |    87 |   137 |    67 ||   291
       Headbutt          |    11 |    26 |    37 ||    74
       Scimitar          |       |       |   104 ||   104
       Great sword       |       |       |    16 ||    16
Throw: Boomerang         |       |       |     5 ||     5
Invok: Recite            |       |     1 |       ||     1
       Vitalisation      |       |     1 |       ||     1
  Use: Scroll            |     2 |     7 |       ||     9
       Potion            |       |     1 |     3 ||     4
Armor: Scale mail        |    46 |    81 |   104 ||   231
Dodge: Dodged            |    23 |    38 |    77 ||   138
Block: Kite shield       |    46 |    77 |   150 ||   273
       Rpst.: Long sword |     8 |    10 |    12 ||    30
       Scimitar          |       |       |    14 ||    14
